[Event "Late-Titled-Tuesday-Blitz-June-18-2024"]
[Site "Chess.com"]
[Date "2024.06.18"]
[Round "10"]
[White "CombativeWombat"]
[Black "Roedor"]
[Result "1-0"]
[WhiteElo "2302"]
[BlackElo "2432"]
[TimeControl "180+1"]
[EndTime "15:55:30 PDT"]
[Termination "CombativeWombat won on time"]

1. e4 e5 2. Bc4 Nc6 3. Nc3 Nf6 4. d3 Na5 5. Bb3 Nxb3 6. axb3 d5 7. exd5 Nxd5 8.
Qh5 Qd6 9. Nf3 Nxc3 10. bxc3 Be7 11. Ba3 Qe6 12. Qxe5 Bxa3 13. Rxa3 O-O 14. Qxe6 Bxe6 15. Kd2 a5 16. Rha1 b6 17. b4 Bd5 18. bxa5 Rxa5 19. Rxa5 bxa5 20. Rxa5 Bxf3 21. gxf3 g6 22. Rc5 Rc8 23.
d4 Kf8 24. d5 Ke7 25. c4 Kd7 26. Ra5 Re8 27. c5 Re5 28. c4 Rf5 29. Ke3 h5 30.
Ra8 g5 31. Rh8 h4 32. Rh6 Re5+ 33. Kd3 Rf5 34. c6+ Ke7 35. Ke3 Re5+ 36. Kd4 Rf5 37. Kc5 Rxf3 38. d6+ cxd6+ 39. Rxd6 Ra3 40. Rd5 1-0

[Event "Late-Titled-Tuesday-Blitz-June-18-2024"]
[Site "Chess.com"]
[Date "2024.06.18"]
[Round "10"]
[White "olakenn"]
[Black "crazycheesecake"]
[Result "0-1"]
[WhiteElo "1863"]
[BlackElo "2076"]
[TimeControl "180+1"]
[EndTime "15:55:30 PDT"]
[Termination "crazycheesecake won on time"]

1. e4 e5 2. Nf3 Nc6 3. Bb5 Nf6 4. O-O Nxe4 5. d4 Nd6 6. Bxc6 dxc6 7. dxe5 Nf5 8.
Qxd8+ Kxd8 9. Bg5+ Be7 10. Bxe7+ Nxe7 11. Nc3 Bf5 12. Rad1+ Ke8 13. Rd2 Rd8 14. Rfd1 Rxd2 15. Rxd2 h5 16. Nd4 Bd7 17. Na4 b6 18. Nc3 c5 19.
Ndb5 Kd8 20. Nxa7 c6 21. a4 Kc7 22. a5 b5 23. Ne4 Ra8 24. Nxc5 Bf5 25. Nxb5+ cxb5 26. b4 Nc6 27. c3 Nxe5 28. Re2 Rd8 29. h3 Nc6 30. Na6+ Kb7 31. Nc5+ Kc8 32. f3 Rd1+ 33.
Kh2 Rc1 34. Re8+ Kc7 35. Rf8 Bg6 36. Na6+ Kd6 0-1

[Event "Late-Titled-Tuesday-Blitz-June-18-2024"]
[Site "Chess.com"]
[Date "2024.06.18"]
[Round "10"]
[White "Statham_01"]
[Black "artin10862"]
[Result "0-1"]
[WhiteElo "2734"]
[BlackElo "2942"]
[TimeControl "180+1"]
[EndTime "15:55:35 PDT"]
[Termination "artin10862 won by resignation"]

1. e4 e6 2. d4 d5 3. e5 c5 4. c3 Nc6 5. Nf3 Qb6 6. Bd3 Bd7 7. O-O cxd4 8. Re1 Rc8 9. h4 Nge7 10. h5 h6 11. a3 a6 12. Bf4 Qxb2 13. Nbd2 dxc3 14. Nb3 Nb4 15. axb4 c2 16. Bxc2 Qxc2 17. Qxc2 Rxc2 18. Nc5 Rc4 19. Bd2 Bc6 20. Reb1 Nf5 21. b5 Bxc5 22. bxc6 b6 23. Rxa6 O-O 24. Ra7 Rc8 25. c7 Nd4 26. Be3 Nxf3+ 27. gxf3 Bxe3 28. fxe3 R4xc7 29. Rxc7 Rxc7 30. Rxb6 Rc1+ 31. Kf2 Rh1 32. Rb8+ Kh7 33. Rf8 Rxh5 34. Rxf7 Rxe5 35. f4 Rf5 36. Re7 e5 37. Kf3 exf4 38. exf4 Kg6 39. Re6+ Rf6 40. Re5 Rd6 41. Re3 d4 42.
Rd3 Kf5 43. Rb3 Rd5 44. Rd3 h5 45. Rd1 d3 46. Ke3 d2 0-1

[Event "Late-Titled-Tuesday-Blitz-June-18-2024"]
[Site "Chess.com"]
[Date "2024.06.18"]
[Round "10"]
[White "tgpgoat"]
[Black "reevecanada"]
[Result "0-1"]
[WhiteElo "2508"]
[BlackElo "2622"]
[TimeControl "180+1"]
[EndTime "15:55:37 PDT"]
[Termination "reevecanada won by checkmate"]

1. Nf3 d5 2. d4 Bf5 3. c4 c6 4.
Nc3 Nf6 5. Bg5 Nbd7 6. e3 e6 7.
Bd3 Bxd3 8. Qxd3 h5 9. O-O Be7 10. b3 O-O 11. Bf4 c5 12. Ne5 cxd4 13. exd4 dxc4 14.
bxc4 Nxe5 15. Bxe5 Ng4 16. Bg3 h4 17. Qd1 hxg3 18.
Qxg4 gxh2+ 19. Kxh2 Bf6 20. Rad1 Qc7+ 21. Kg1 Qxc4 22. Ne4 Be7 23. Ng3 Qd5 24. Rfe1 Qxa2 25. d5 Rad8 26. Nh5 g6 27. Rxe6 Qxf2+ 28. Kxf2 fxe6+ 29. Kg1 Bc5+ 30. Kh2 Kh7 31. Nf4 Rxf4 32. Qxe6 Kg7 33.
d6 Rh8+ 34. Kg3 Rf5 35. Qe7+ Kg8 36. Qe8+ Kg7 37. Qe7+ Kg8 38. Qxb7 Bf2+ 39. Kg4 Rh4# 0-1

[Event "Late-Titled-Tuesday-Blitz-June-18-2024"]
[Site "Chess.com"]
[Date "2024.06.18"]
[Round "10"]
[White "Dhaydon19"]
[Black "tactic"]
[Result "1-0"]
[WhiteElo "2670"]
[BlackElo "2746"]
[TimeControl "180+1"]
[EndTime "15:55:38 PDT"]
[Termination "Dhaydon19 won by checkmate"]

1. e4 d5 2. exd5 c6 3. dxc6 Nxc6 4. Nf3 e5 5. Nc3 Bd6 6. Bc4 Nf6 7. d3 h6 8. h3 O-O 9. O-O a6 10. Ne4 Bc7 11.
Qe2 b5 12. Nxf6+ Qxf6 13. Bd5 Bb7 14. c4 bxc4 15. dxc4 Nd4 16. Nxd4 Bxd5 17. Nb3 Bc6 18. Be3 a5 19. Nc5 Qg6 20. Qg4 Qf6 21. Nd7 Qe7 22.
Nxf8 Rxf8 23. f4 f5 24. Qg6 Rf6 25. Qg3 exf4 26. Bxf4 Bb6+ 27. Kh1 g5 28. Be5 Rf7 29. Rae1 Qd7 30. Bc3 f4 31. Qg4 f3 32. Rxf3 Bxf3 33. gxf3 Qc6 34. Kg2 Qc5 35. Re8+ Kh7 36. Qe4+ Qf5 37. Rh8+ Kg6 38. Rg8+ Kh7 39. Rg7+ Kh8 40.
Rxf7+ Bd4 41. Qxf5 Bxc3 42. Qh7# 1-0

[Event "Late-Titled-Tuesday-Blitz-June-18-2024"]
[Site "Chess.com"]
[Date "2024.06.18"]
[Round "10"]
[White "Sanyura"]
[Black "Chempiblinka"]
[Result "0-1"]
[WhiteElo "2526"]
[BlackElo "2407"]
[TimeControl "180+1"]
[EndTime "15:55:38 PDT"]
[Termination "Chempiblinka won on time"]

1. e4 c5 2. Nf3 Nc6 3. d4 cxd4 4. Nxd4 g6 5. c4 Nf6 6. Nc3 Nxd4 7. Qxd4 d6 8. Be3 Bg7 9. f3 O-O 10. Qd2 a5 11. Be2 a4 12. O-O Qa5 13. Rfd1 Be6 14. Rac1 Rfc8 15. b3 axb3 16. axb3 Qb4 17. Na4 Qxd2 18.
Rxd2 Nd7 19. Rdc2 f5 20. Bd3 Rc6 21. exf5 gxf5 22. Nc3 Ne5 23. Be2 Kf7 24. Nb5 Rcc8 25. Nd4 Bd7 26. h3 Nc6 27. Nb5 Nb4 28. Rd2 Bxb5 29.
f4 Bc6 30. Bh5+ Kf8 31. Re2 Be4 32. g4 Ra2 33. Rxa2 Nxa2 34. Re1 Nc3 35. Kf2 d5 36. Ra1 d4 37. Bd2 d3 38. Ra5 Bd4+ 39. Ke1 Nb1 40.
gxf5 Nxd2 41. Kxd2 Bc5 42. Rb5 b6 43. b4 Bd4 44. c5 bxc5 45. bxc5 Bxc5 46. f6 exf6 47. Bg4 Rc7 48. Be6 Ke7 49. f5 Bd6 50. Ke3 Bc6 51. Ra5 Bb4 0-1

[Event "Late-Titled-Tuesday-Blitz-June-18-2024"]
[Site "Chess.com"]
[Date "2024.06.18"]
[Round "10"]
[White "NigelDwarf"]
[Black "Hirna2005"]
[Result "1-0"]
[WhiteElo "2441"]
[BlackElo "2290"]
[TimeControl "180+1"]
[EndTime "15:55:39 PDT"]
[Termination "NigelDwarf won by checkmate"]

1. e4 g6 2. d4 Bg7 3. Nc3 d6 4. Be3 a6 5. Qd2 b5 6. h4 Nf6 7. f3 Bb7 8. Bh6 Bxh6 9. Qxh6 b4 10. Nce2 Nbd7 11. O-O-O c5 12. dxc5 Nxc5 13. e5 Nd5 14. Qg7 Rf8 15. Nh3 Ne3 16. Re1 Qa5 17.
Nd4 b3 18. Bc4 bxa2 19. Bxa2 Nxg2 20. exd6 Nxe1 21. dxe7 Ne6 22. Nxe6 Kxe7 23. Nxf8 Rxf8 24. Ng5 Nxf3 25. Nxf3 Bxf3 26. Rf1 Qxa2 27. Re1+ Kd7 28. Qxf8 Qa1+ 29. Kd2 Qa5+ 30. c3 Qd5+ 31. Kc1 Be4 32. Rd1 Bd3 33. Qg7 Qf5 34. Qd4+ Ke8 35. Rxd3 Kf8 36. Qh8+ Ke7 37. Qd8+ Ke6 38. Qd6# 1-0

[Event "Late-Titled-Tuesday-Blitz-June-18-2024"]
[Site "Chess.com"]
[Date "2024.06.18"]
[Round "10"]
[White "topin8"]
[Black "Mikayel99"]
[Result "0-1"]
[WhiteElo "2539"]
[BlackElo "2677"]
[TimeControl "180+1"]
[EndTime "15:55:40 PDT"]
[Termination "Mikayel99 won on time"]

1. e4 g6 2. d4 Bg7 3. Nf3 d6 4. h3 a6 5. a4 Nf6 6. Nc3 b6 7. Bc4 Bb7 8. O-O O-O 9. e5 Ne8 10.
e6 d5 11. exf7+ Rxf7 12. Bd3 Bc8 13. Ng5 Rf6 14. Nxh7 Kxh7 15. Qh5+ Kg8 16. Bxg6 Rxg6 17. Qxg6 Nf6 18. Bh6 Qf8 19. Rae1 Nc6 20. Nxd5 Bd7 21. Rxe7 Nxe7 22. Nxe7+ Qxe7 23. Bxg7 Qxg7 24. Qd3 Re8 25. d5 Qg5 26. f4 Qg7 27. Rf3 Ne4 28. Re3 Bf5 29.
Qc4 Kh8 30. g4 Bxg4 31. hxg4 Qxg4+ 32. Kf1 Nd2+ 33. Kf2 Nxc4 0-1

[Event "Late-Titled-Tuesday-Blitz-June-18-2024"]
[Site "Chess.com"]
[Date "2024.06.18"]
[Round "10"]
[White "yobdc"]
[Black "nochewycandy"]
[Result "1/2-1/2"]
[WhiteElo "2569"]
[BlackElo "2773"]
[TimeControl "180+1"]
[EndTime "15:55:41 PDT"]
[Termination "Game drawn - insufficient material"]

1. e4 g6 2. d4 Bg7 3. c4 d6 4. Nc3 e5 5. d5 a5 6. h4 h5 7. Be2 Na6 8. Bg5 f6 9. Be3 Bh6 10. Qd2 Nc5 11. Nf3 Bg4 12. Nh2 Bd7 13. Nf1 Bxe3 14.
Nxe3 Nh6 15. O-O-O Qe7 16. Kb1 f5 17. f3 Qf6 18. Rdf1 a4 19. g4 hxg4 20. fxg4 f4 21.
g5 fxe3 22. Qxe3 Qg7 23. gxh6 Qxh6 24. Qxh6 Rxh6 25. h5 O-O-O 26. Rf6 Rg8 27. Rg1 Be8 28. Bg4+ Kd8 29. Be6 Rg7 30. hxg6 Rhxg6 31. Rgxg6 Rxg6 32. Rxg6 Bxg6 33. Bf5 Bxf5 34. exf5 Ke7 35. Kc2 c6 36. b4 axb3+ 37. axb3 Kf6 38. b4 Na6 39. Ne4+ Kxf5 40.
Nxd6+ Kf4 41. b5 cxb5 42. Nxb7 bxc4 43. d6 Nb8 44. Nc5 e4 45. Kc3 Ke5 46. d7 Nxd7 47.
Nxd7+ Kf4 48. Nc5 e3 49. Kxc4 e2 50. Nd3+ Ke3 51. Kc3 e1=Q+ 52. Nxe1 1/2-1/2

[Event "Late-Titled-Tuesday-Blitz-June-18-2024"]
[Site "Chess.com"]
[Date "2024.06.18"]
[Round "10"]
[White "dianamirza"]
[Black "SocoLoco"]
[Result "0-1"]
[WhiteElo "1803"]
[BlackElo "2168"]
[TimeControl "180+1"]
[EndTime "15:55:41 PDT"]
[Termination "SocoLoco won by resignation"]

1. e4 c5 2. Nf3 e6 3. d4 cxd4 4.
Nxd4 Nf6 5. Nc3 Nc6 6. Be3 d5 7. f3 Bb4 8. Nxc6 bxc6 9. e5 Nd7 10. f4 O-O 11. Bd3 f6 12. O-O fxe5 13. fxe5 Nxe5 14.
Bxh7+ Kxh7 15. Qh5+ Kg8 16. Qxe5 Bd6 17. Rxf8+ Qxf8 18. Qh5 e5 19. Rf1 Qe7 20. Bg5 Qe6 21. Ne2 Bd7 22. Ng3 e4 23. Nf5 Bc5+ 24. Kh1 Rf8 25. g4 g6 26. Nh6+ Kg7 27. Qh3 e3 28. Rxf8 Kxf8 29.
Qf3+ Kg7 30. Qe2 d4 31. Bf4 Qd5+ 32. Kg1 Qe4 33. Qf1 Be6 34. g5 Bd5 35. Be5+ Qxe5 36. Qf6+ Qxf6 37. gxf6+ Kxh6 38. Kf1 Kg5 39. Ke2 Kxf6 0-1

[Event "Late-Titled-Tuesday-Blitz-June-18-2024"]
[Site "Chess.com"]
[Date "2024.06.18"]
[Round "10"]
[White "SpeedofLight0"]
[Black "K_A_S_T_O_R"]
[Result "1/2-1/2"]
[WhiteElo "3033"]
[BlackElo "2857"]
[TimeControl "180+1"]
[EndTime "15:55:42 PDT"]
[Termination "Game drawn by repetition"]

1. c4 c5 2. g3 g6 3. Bg2 Bg7 4.
Nc3 Nc6 5. d3 d6 6. Qd2 e6 7. b3 Nge7 8. Bb2 O-O 9. Nf3 Rb8 10. O-O b6 11. e3 Bb7 12. d4 cxd4 13.
exd4 d5 14. Rad1 dxc4 15. bxc4 Na5 16. Qe2 Rc8 17. d5 exd5 18. Nxd5 Nxd5 19. cxd5 Nc4 20.
Bxg7 Kxg7 21. Nd4 Re8 22. Qf3 Ne5 23. Qb3 Qf6 24. Rfe1 Red8 25. h3 Nd7 26. Nc6 Nc5 27. Qa3 Bxc6 28. dxc6 Rxd1 29. Rxd1 Rc7 30. Qe3 h5 31. g4 hxg4 32. hxg4 Qe7 33. Qd4+ Qf6 34. Qe3 g5 35. Rd5 Ne6 36. Rf5 Qe7 37. Qe5+ f6 38. Qc3 Nf4 39. Bf3 Rxc6 40. Qxc6 Qe1+ 41. Kh2 Qxf2+ 42. Bg2 Qh4+ 43. Kg1 Qe1+ 44. Kh2 Qh4+ 45. Kg1 Ne2+ 46. Kf1 Ng3+ 47. Kg1 Ne2+ 48. Kf1 Ng3+ 49. Kg1 Ne2+ 1/2-1/2

[Event "Late-Titled-Tuesday-Blitz-June-18-2024"]
[Site "Chess.com"]
[Date "2024.06.18"]
[Round "10"]
[White "CoachVadim"]
[Black "Arteler"]
[Result "0-1"]
[WhiteElo "2366"]
[BlackElo "2234"]
[TimeControl "180+1"]
[EndTime "15:55:43 PDT"]
[Termination "Arteler won on time"]

1. Nf3 c5 2. g3 Nf6 3. Bg2 d5 4.
O-O e6 5. c4 Be7 6. cxd5 Nxd5 7. e4 Nf6 8. e5 Nd5 9. d4 O-O 10.
Nc3 cxd4 11. Ne4 Nc6 12. h4 Qc7 13. Re1 Nxe5 14. Nxe5 Qxe5 15. Ng5 Qd6 16. Qd3 Nf6 17. Bf4 Qd8 18. Be5 h6 19. Bxf6 hxg5 20. Bxg5 Bxg5 21.
hxg5 Qxg5 22. Qxd4 Rd8 23. Qc3 Rb8 24. Re5 Qf6 25.
Rae1 Bd7 26. Qa3 a6 27. Rh5 Bc6 28. Bxc6 bxc6 29. b3 Rd2 30. Rh2 Qf3 31. Qxa6 Rbd8 32. Qa5 Rd1 0-1

[Event "Late-Titled-Tuesday-Blitz-June-18-2024"]
[Site "Chess.com"]
[Date "2024.06.18"]
[Round "10"]
[White "KarlEmilElmer"]
[Black "LoonsDeKoeben"]
[Result "0-1"]
[WhiteElo "2274"]
[BlackElo "2412"]
[TimeControl "180+1"]
[EndTime "15:55:44 PDT"]
[Termination "LoonsDeKoeben won on time"]

1. d4 Nf6 2. c4 c5 3. d5 b5 4.
cxb5 a6 5. bxa6 g6 6. Nc3 Bg7 7. e4 O-O 8. Nf3 Qa5 9. Be2 Nxe4 10. O-O Nxc3 11. bxc3 Bxa6 12. Bd2 Bxc3 13. Rc1 Bxd2 14. Nxd2 Bxe2 15. Qxe2 Qxa2 16. Rxc5 Na6 17. Rb5 Nc7 18. Rb7 Nxd5 19. Rxd7 Rfd8 20. Rxd8+ Rxd8 21. Qe1 Nf4 22. Nf3 Ne2+ 23. Kh1 Rd6 24. Qb4 Re6 25. h3 Qa6 26. Rb1 Qd6 27. Qb2 h6 28. Qa1 Kh7 29. Qb2 Nf4 30.
Qa2 Qc6 31. Rd1 Nxh3 32. gxh3 Qxf3+ 33. Kh2 Qxd1 34. Qa8 Qd6+ 35. Kg2 Rf6 36. Kf1 Qc6 0-1

[Event "Late-Titled-Tuesday-Blitz-June-18-2024"]
[Site "Chess.com"]
[Date "2024.06.18"]
[Round "10"]
[White "LidongW"]
[Black "KamilaHryshchenko"]
[Result "0-1"]
[WhiteElo "2326"]
[BlackElo "2184"]
[TimeControl "180+1"]
[EndTime "15:55:45 PDT"]
[Termination "KamilaHryshchenko won on time"]

1. e4 d6 2. d4 g6 3. h4 h5 4. Nf3 Bg4 5. Be2 Bxf3 6. Bxf3 Bg7 7. O-O c6 8. c4 Qb6 9. Be3 Qxb2 10. Nd2 Qb6 11. Rb1 Qc7 12. Qb3 b6 13. c5 dxc5 14. dxc5 b5 15. a4 a6 16. g3 Be5 17. Bg2 Bg7 18. f4 Nf6 19. Bd4 Nbd7 20. e5 Ng4 21.
Qf3 O-O 22. axb5 cxb5 23. c6 Nb6 24. Rbe1 Rfd8 25. Nb3 Nc4 26. Ba1 a5 27. Qe4 a4 28.
f5 Ngxe5 29. fxg6 Nxg6 30. Nc5 Qb6 31. Kh2 Qxc5 0-1

[Event "Late-Titled-Tuesday-Blitz-June-18-2024"]
[Site "Chess.com"]
[Date "2024.06.18"]
[Round "10"]
[White "AlexeiShirov"]
[Black "MagnusCarlsen"]
[Result "0-1"]
[WhiteElo "2871"]
[BlackElo "3177"]
[TimeControl "180+1"]
[EndTime "15:55:50 PDT"]
[Termination "MagnusCarlsen won by resignation"]

1. e4 c5 2. Nf3 e6 3. d4 cxd4 4.
Nxd4 a6 5. c4 Nf6 6. Nc3 Qc7 7.
a3 Nc6 8. Be3 b6 9. Rc1 Nxd4 10.
Bxd4 Bb7 11. f3 d6 12. b4 Be7 13. Na4 Nd7 14. Bxg7 Rg8 15. Bd4 h5 16. g3 h4 17.
g4 Bg5 18. Rc2 Bc6 19. Nc3 Ne5 20. Nd5 Qb7 21. f4 exd5 22. fxe5 dxe5 23. cxd5 Ba4 24. Bxe5 Qe7 25. Bd4 Rd8 26. Bxa6 Kf8 27. Qe2 Bxc2 28. Qxc2 Rxd5 29. Bxb6 Rg6 30. Be2 Rd2 31. Qc5 Rxb6 32. Qxb6 Rxe2+ 33. Kxe2 Qxe4+ 34. Kf2 Qxh1 35. Qc5+ Be7 36.
Qe5 f6 37. Qf4 Kg7 38. a4 Qc6 39. b5 Qc2+ 40. Kf3 Bc5 41. Qc7+ Kg6 42. Qc8 Qd3+ 43. Kg2 Qe2+ 0-1

[Event "Late-Titled-Tuesday-Blitz-June-18-2024"]
[Site "Chess.com"]
[Date "2024.06.18"]
[Round "10"]
[White "Meri-Arabidze"]
[Black "Rutricks"]
[Result "0-1"]
[WhiteElo "2683"]
[BlackElo "2821"]
[TimeControl "180+1"]
[EndTime "15:55:52 PDT"]
[Termination "Rutricks won on time"]

1. c4 g6 2. Nf3 Bg7 3. g3 d6 4.
Bg2 Nd7 5. O-O Ngf6 6. Nc3 O-O 7.
d3 c5 8. Rb1 Ne8 9. a3 Nc7 10.
Bd2 Rb8 11. b4 b6 12. Qc1 Re8 13. e4 Bb7 14. Re1 Rc8 15. h4 Ne6 16. h5 Ne5 17. Nxe5 dxe5 18. Nd5 cxb4 19. axb4 Nd4 20. Bg5 f6 21.
Be3 e6 22. Nc3 f5 23. hxg6 hxg6 24. Qd1 Rf8 25. Bxd4 Qxd4 26. Nb5 Qd7 27. Nxa7 Rcd8 28. Nb5 f4 29. Qg4 Qxd3 30. Qxe6+ Rf7 31. Bf1 Qd2 32. g4 f3 33. c5 Bc8 34. Qxg6 Rf6 35.
Qh5 Rh6 36. Rbd1 Qxd1 37. Rxd1 Rxd1 38. Qe8+ Kh7 39. Qh5 Rxh5 40. gxh5 Bh3 41. Kh2 Bxf1 42. Nc3 Rc1 43. cxb6 Bh6 44. b7 Bf4+ 0-1

[Event "Late-Titled-Tuesday-Blitz-June-18-2024"]
[Site "Chess.com"]
[Date "2024.06.18"]
[Round "10"]
[White "AlphaPerseii"]
[Black "tortorchess"]
[Result "0-1"]
[WhiteElo "2378"]
[BlackElo "2231"]
[TimeControl "180+1"]
[EndTime "15:55:52 PDT"]
[Termination "tortorchess won on time"]

1. c4 c5 2. Nc3 Nc6 3. Nf3 Nf6 4. e3 e6 5. d4 d5 6. cxd5 exd5 7. dxc5 Bxc5 8. Be2 O-O 9. O-O Bg4 10. Na4 Bd6 11. h3 Bh5 12. b3 Bc7 13. Ba3 Re8 14. Rc1 a6 15. Qd2 Ne4 16. Qb2 Bxf3 17. Bxf3 Be5 18. Qe2 Qh4 19. Nc5 Nxc5 20. Bxc5 Rad8 21. Bb6 Rd7 22.
Rfd1 Ne7 23. Bg4 f5 24. Bf3 Qf6 25. Bc5 Red8 26. Qd3 Bb8 27. a4 Qe5 28. Bxe7 Rxe7 29. Bxd5+ Kh8 30. Qc4 h6 31. g3 Rc7 32. Qb4 Rxc1 33. Rxc1 Qxd5 34. Qb6 Be5 35. Rc5 Qd1+ 36. Kg2 Bf6 37. Qxb7 Qd3 38. Qf3 Qxb3 39. a5 Qf7 40. Qxf5 Rf8 41. Qf3 Qe7 0-1

[Event "Late-Titled-Tuesday-Blitz-June-18-2024"]
[Site "Chess.com"]
[Date "2024.06.18"]
[Round "10"]
[White "Bob_2004"]
[Black "Slovineanu"]
[Result "0-1"]
[WhiteElo "2723"]
[BlackElo "2569"]
[TimeControl "180+1"]
[EndTime "15:55:53 PDT"]
[Termination "Slovineanu won on time"]

1. Nf3 Nf6 2. c4 e6 3. g3 d5 4. Bg2 Be7 5. O-O O-O 6. b3 b6 7.
Bb2 Bb7 8. Ne5 c5 9. d3 Nbd7 10. f4 Qc7 11. Nxd7 Qxd7 12. Nd2 d4 13. Nf3 Ng4 14. Bc1 Bf6 15. Rb1 Rad8 16. b4 cxb4 17. Rxb4 Be7 18. Rb5 Bc5 19. Rb1 Bxf3 20. Bxf3 Ne3 21.
Bxe3 dxe3 22. Qb3 g6 23. Qb5 Qd4 24. Qc6 h5 25. Qe4 Qf6 26. a4 a5 27. Rb5 Kg7 28.
Rfb1 h4 29. Rxb6 Bxb6 30. Rxb6 hxg3 31. hxg3 Rb8 32. Qxe3 Rxb6 33. Qxb6 Qa1+ 34. Kg2 Qxa4 35. Qb2+ Kg8 36. c5 Qb4 37. Qe5 a4 38. d4 a3 39. d5 Qxc5 0-1

[Event "Late-Titled-Tuesday-Blitz-June-18-2024"]
[Site "Chess.com"]
[Date "2024.06.18"]
[Round "10"]
[White "Korchmar_Vasiliy"]
[Black "Mops_2004"]
[Result "0-1"]
[WhiteElo "2640"]
[BlackElo "2826"]
[TimeControl "180+1"]
[EndTime "15:55:54 PDT"]
[Termination "Mops_2004 won on time"]

1. e4 c5 2. d4 cxd4 3. Qxd4 Nc6 4. Qd3 e6 5. Nc3 a6 6. Bf4 b5 7. O-O-O Bb7 8. Qg3 Rc8 9. Kb1 Nf6 10. Be2 b4 11.
Na4 Nxe4 12. Qe3 Ne7 13. Qa7 Bc6 14. Nb6 Nd5 15. Nxc8 Nxf4 16. Qb8 Nxe2 17. Nxe2 Nxf2 18. Nd4 Bd5 19. Nf5 Nxh1 20. Rxd5 g6 21. Qe5 gxf5 22. Qxh8 Qxc8 23. Rd2 Qc4 24. Rd1 Nf2 25. Rc1 Ne4 26. Qxh7 a5 27. Qh3 a4 28. Qd3 Qc5 29. h4 a3 30. Rd1 d5 31. Qa6 Bg7 32. Qa8+ Ke7 33. Qb7+ Kf6 34. g4 axb2 35. g5+ Kg6 36. h5+ Kh7 37. g6+ Kh6 0-1

[Event "Late-Titled-Tuesday-Blitz-June-18-2024"]
[Site "Chess.com"]
[Date "2024.06.18"]
[Round "10"]
[White "vesalhamedinia"]
[Black "ToddBryant"]
[Result "1-0"]
[WhiteElo "2491"]
[BlackElo "2379"]
[TimeControl "180+1"]
[EndTime "15:55:54 PDT"]
[Termination "vesalhamedinia won by checkmate"]

1. d4 Nf6 2. c4 g6 3. Nf3 Bg7 4.
Nc3 O-O 5. Bg5 h6 6. Bh4 c5 7.
e3 Qa5 8. Bd3 Nc6 9. O-O d6 10.
a3 Bg4 11. Be2 g5 12. Bg3 Nh5 13. d5 Nd8 14. Rc1 Nxg3 15. hxg3 f5 16. Qd3 Nf7 17.
Nh2 Ne5 18. Qd2 Bxe2 19. Qxe2 Qa6 20. Nb5 Qb6 21. f4 a6 22. Nc3 Nf7 23. Nf3 Qd8 24.
Qc2 Qd7 25. Rce1 g4 26. Nh4 Nh8 27. e4 fxe4 28. Qxe4 Rf6 29. Qxe7 Qa4 30. Qxb7 Raf8 31. Nxa4 R6f7 32. Qxa6 Bd4+ 33. Kh2 Kg7 34. Qxd6 Rf6 35. Re6 R6f7 36. Rxh6 Bf6 37. Nf5+ Kg8 38. Rh1 Bd4 39. Nxd4 cxd4 40. Qe6 Kg7 41. Kg1 Rf6 42. Rh7+ Kg6 43.
R1h6# 1-0

[Event "Late-Titled-Tuesday-Blitz-June-18-2024"]
[Site "Chess.com"]
[Date "2024.06.18"]
[Round "10"]
[White "Patolindo"]
[Black "katharinareinecke"]
[Result "1-0"]
[WhiteElo "2173"]
[BlackElo "2045"]
[TimeControl "180+1"]
[EndTime "15:55:55 PDT"]
[Termination "Patolindo won on time"]

1. d4 d5 2. Nf3 Nf6 3. c4 c6 4. Nc3 e6 5. g3 Be7 6. Bg2 O-O 7.
O-O a6 8. a4 Nbd7 9. a5 Ne4 10.
c5 Ndf6 11. Ne5 Nxc3 12. bxc3 Ne4 13. Bxe4 dxe4 14. Qc2 f5 15. Nc4 Bf6 16. Bf4 Re8 17.
Nb6 Ra7 18. Bb8 e5 19. Bxa7 exd4 20. cxd4 Be6 21. Rad1 h5 22. Nc4 h4 23. Bb6 Qe7 24. Nd6 Rf8 25. f3 hxg3 26. hxg3 e3 27. Nxf5 Qf7 28. Nd6 Qh5 29. Qe4 Bh3 30. g4 Qh4 31. Nf5 Qg5 32. d5 Bxf1 33. Kxf1 g6 34. Ng3 Qh6 35.
Kg2 Bg5 36. dxc6 bxc6 37. Rd6 Qg7 38. Rxg6 Rf7 39. Nh5 1-0

[Event "Late-Titled-Tuesday-Blitz-June-18-2024"]
[Site "Chess.com"]
[Date "2024.06.18"]
[Round "10"]
[White "js20000"]
[Black "legendisback1"]
[Result "0-1"]
[WhiteElo "2812"]
[BlackElo "3007"]
[TimeControl "180+1"]
[EndTime "15:55:56 PDT"]
[Termination "legendisback1 won by resignation"]

1. e4 g6 2. d4 Bg7 3. c3 d6 4. Bd3 Nd7 5. Nf3 e5 6. O-O Ne7 7. a4 O-O 8. a5 c6 9. Na3 d5 10. exd5 Nxd5 11. dxe5 Nxe5 12. Nxe5 Bxe5 13. Nc4 Bc7 14.
g3 Qf6 15. Be4 Be6 16. Ne3 Rad8 17. Qf3 Qxf3 18. Bxf3 Rfe8 19. a6 b6 20. Nxd5 Bxd5 21. Bxd5 Rxd5 22. Be3 f6 23. Rfd1 Red8 24. Rxd5 Rxd5 25.
Kg2 Kf7 26. Kf3 c5 27. h3 Ke6 28. g4 h5 29. c4 Rd3 30. gxh5 gxh5 31. Ke2 Rb3 32. Ra2 Be5 33. Bc1 Rxh3 34. Be3 Rh4 35. b4 Rxc4 36. bxc5 bxc5 37. Ra5 Bd6 38. Kd3 Kd5 39.
f3 h4 40. Rb5 h3 41. Rb7 Rh4 42. Bg1 h2 43. Bxh2 Rxh2 44. Rxa7 c4+ 45. Kc3 Be5+ 46. Kb4 Ra2 47. Ra8 c3 48. Kb3 c2 49. Rd8+ Bd6 50. Rc8 Rxa6 51. Kxc2 Rc6+ 52. Rxc6 Kxc6 53. Kd3 Kd5 0-1

[Event "Late-Titled-Tuesday-Blitz-June-18-2024"]
[Site "Chess.com"]
[Date "2024.06.18"]
[Round "10"]
[White "th3d4rkness"]
[Black "santosalberto1987"]
[Result "0-1"]
[WhiteElo "2249"]
[BlackElo "2572"]
[TimeControl "180+1"]
[EndTime "15:55:57 PDT"]
[Termination "santosalberto1987 won on time"]

1. e4 e6 2. d4 d5 3. e5 c5 4. c3 Qb6 5. Nf3 Nc6 6. Be2 cxd4 7.
cxd4 Nh6 8. Na3 Bxa3 9. bxa3 Nf5 10. Be3 Qa5+ 11. Bd2 Qxa3 12. O-O O-O 13. Bc1 Qc3 14. Bd2 Qa3 15. Bc1 Qa5 16. a4 Bd7 17. Ba3 Rfc8 18. g4 Nfe7 19. Bd3 Ng6 20. h4 Nb4 21. Bb1 Bxa4 22. Qd2 Nc6 23. Qe3 b5 24. h5 Nf8 25.
Bxf8 Kxf8 26. Bxh7 Nd8 27. Qa3+ Ke8 28. Bc2 Rxc2 29. Ng5 Qd2 30. Nh7 Rc6 31. Qf8+ Kd7 32.
Qxg7 Qxd4 33. Nf6+ Kc7 34. Ne8+ Kb7 35. Qf6 Qxg4+ 36.
Kh1 Qxh5+ 37. Kg1 Qg6+ 38. Qxg6 fxg6 39. Nd6+ Kc7 0-1

[Event "Late-Titled-Tuesday-Blitz-June-18-2024"]
[Site "Chess.com"]
[Date "2024.06.18"]
[Round "10"]
[White "HouseOfDurin"]
[Black "Eloist"]
[Result "0-1"]
[WhiteElo "2339"]
[BlackElo "2455"]
[TimeControl "180+1"]
[EndTime "15:55:57 PDT"]
[Termination "Eloist won by checkmate"]

1. d4 e6 2. h4 Nf6 3. Bg5 h6 4. Bxf6 Qxf6 5. c4 c5 6. e3 Nc6 7. Nf3 cxd4 8. exd4 Bb4+ 9. Nc3 b6 10. Qd2 Bb7 11. a3 Bxc3 12. Qxc3 Rc8 13. Be2 O-O 14. O-O Rfd8 15. Rac1 d5 16. c5 bxc5 17. dxc5 d4 18. Qd3 e5 19. b4 Ne7 20. Nd2 Qxh4 21. Bf3 Bxf3 22. Qxf3 f5 23. g3 Qg5 24. Nc4 e4 25. Qg2 d3 26. Nd6 Rc7 27. Rcd1 Nc8 28. Nc4 Re7 29.
Ne3 Kh8 30. Rd2 Rf7 31. Rfd1 Ne7 32. f3 Qxe3+ 33. Qf2 Qxf2+ 34. Kxf2 Nd5 35. fxe4 fxe4+ 36. Kg2 Ne3+ 37. Kh2 Nxd1 38. Rxd1 e3 39. Re1 d2 40. Rd1 e2 41. Rxd2 Rxd2 42. Kh3 e1=Q 43. g4 Qe3+ 44. Kh4 Rf1 45. Kh5 Qg5# 0-1

[Event "Late-Titled-Tuesday-Blitz-June-18-2024"]
[Site "Chess.com"]
[Date "2024.06.18"]
[Round "10"]
[White "Fandorine"]
[Black "Duhless"]
[Result "0-1"]
[WhiteElo "2922"]
[BlackElo "3107"]
[TimeControl "180+1"]
[EndTime "15:55:59 PDT"]
[Termination "Duhless won by resignation"]

1. e4 e5 2. Nf3 d6 3. d4 exd4 4. c3 Nf6 5. Bd3 dxc3 6. Nxc3 Be7 7. O-O O-O 8. h3 Nc6 9. Bf4 Nd7 10. Nd5 Nde5 11. Rc1 Be6 12. Bb5 Nxf3+ 13. Qxf3 Nd4 14. Qd3 Nxb5 15. Qxb5 c6 16. Nxe7+ Qxe7 17. Qb4 Rfd8 18. e5 c5 19. exd6 Qxd6 20. Rxc5 Qf8 21. Qc3 Bxa2 22. h4 Be6 23. h5 h6 24. Re5 Rac8 25.
Qg3 Kh7 26. Qe3 Qb4 27. Bg3 Rc2 28. Qxa7 Qxb2 29. Qe3 Rc4 30. Re1 b5 31. Qb6 Rd5 32.
Rxd5 Bxd5 33. Qd8 Qd2 34. Re3 Qd1+ 35. Kh2 Qxh5+ 0-1